[Event "Titled Tuesday Blitz August 23 Late 2022"]
[White "Martinez Alcantara, Jose Eduardo"]
[Black "Bluebaum, Matthias"]
[WhiteFideId "3805662"]
[BlackFideId "24651516"]
[WhiteElo "2703"]
[BlackElo "2603"]
[Result "1/2-1/2"]
[Round "09"]
[TimeControl "180+1"]
[Date "2022.08.23"]
[WhiteClock "0:00:05"]
[BlackClock "0:00:07"]

1. e4 e6 2. d4 d5 3. exd5 exd5 4. Nf3 Nc6 5. h3 Bf5 6. Bb5 a6 7. Ba4 Bd6 8. O-O Ne7 9. Nc3 O-O 10. Re1 f6 11. Bb3 Bb4 12. Bd2 Kh8 13. Ne2 Bd6 14. Nf4 Bxf4 15. Bxf4 Ng6 16. Bh2 Na5 17. c3 Qd7 18. Nd2 Nxb3 19. Qxb3 c6 20. Re3 Rae8 21. Rae1 h5 22. Nf1 Rxe3 23. Rxe3 h4 24. Qd1 Kg8 25. Qh5 Bb1 26. Re1 Qf5 27. Qxf5 Bxf5 28. Ne3 Re8 29. f3 Bd7 30. Kf2 Kf7 31. c4 dxc4 32. Nxc4 Rxe1 33. Kxe1 Be6 34. Nd6+ Ke7 35. Nxb7 Bxa2 36. Bd6+ Ke8 37. Bb8 Bd5 38. Nc5 Bc4 39. b3 Bb5 40. Kf2 Nf8 41. Ne4 Bd3 42. Nc5 Bb5 43. Ne4 Bd3 44. Bh2 Ne6 45. Ke3 Bf1 46. Nd6+ Kd7 47. Kf2 Bd3 48. Ke3 Bf1 49. Kf2 Bd3 50. Ke3 Bf1 1/2-1/2


[Site "https://www.chess.com"]

[Event "Titled Tuesday Blitz August 23 Late 2022"]
[White "Mcconnell, Sullivan"]
[Black "Cruz, Cristhian"]
[WhiteFideId "30934885"]
[BlackFideId "3801969"]
[WhiteElo "2597"]
[BlackElo "2497"]
[Result "0-1"]
[Round "09"]
[TimeControl "180+1"]
[Date "2022.08.23"]
[WhiteClock "0:00:43"]
[BlackClock "0:00:15"]

1. e4 c6 2. Nc3 d5 3. d4 dxe4 4. Nge2 Nf6 5. Ng3 Bg4 6. Be2 Bxe2 7. Qxe2 e6 8. Bf4 Be7 9. Ngxe4 O-O 10. O-O-O Nbd7 11. g4 Nxe4 12. Nxe4 Qa5 13. Kb1 Rfd8 14. h4 Nf6 15. f3 Rd7 16. h5 Rad8 17. c3 Qb5 18. Qg2 Nxe4 19. fxe4 c5 20. d5 c4 21. g5 exd5 22. g6 dxe4 23. gxf7+ Kxf7 24. Rdf1 Kg8 25. Qxe4 Qd5 26. Qe1 Bf6 27. h6 b5 28. hxg7 b4 29. Bc7 Qd3+ 30. Ka1 bxc3 31. Qe6+ Rf7 32. a4 cxb2+ 33. Ka2 Qb3+ 34. Kb1 Qd3+ 35. Ka2 b1=Q+ 36. Rxb1 Qc2+ 37. Ka3 Qc3+ 0-1


[Site "https://www.chess.com"]

[Event "Titled Tuesday Blitz August 23 Late 2022"]
[White "Melikyan, Gnel"]
[Black "Danielyan, Vahe"]
[WhiteFideId "54109990"]
[BlackFideId "13304828"]
[WhiteElo "1772"]
[BlackElo "2421"]
[Result "1-0"]
[Round "09"]
[TimeControl "180+1"]
[Date "2022.08.23"]
[WhiteClock "0:00:25"]
[BlackClock "0:01:56"]

1. e4 d5 2. exd5 Qxd5 3. Nc3 Qe5+ 4. Qe2 Qxe2+ 5. Bxe2 c6 6. Nf3 Nf6 7. Bc4 Bf5 8. d3 Nbd7 9. Bf4 e6 10. O-O-O Bb4 11. Ne5 Nxe5 12. Bxe5 O-O-O 13. a3 Bd6 14. Bxd6 Rxd6 15. Rde1 Rhd8 16. h3 Bg6 17. Re2 Nd5 18. Ne4 Bxe4 19. Rxe4 Nb6 20. Bb3 Rd4 21. Rhe1 Kc7 22. g3 g6 23. R1e3 R8d7 24. Rxd4 Rxd4 25. c3 Rd7 26. h4 h5 27. Rf3 Nd5 28. Bxd5 cxd5 29. d4 Kd6 30. Kd2 Ke7 31. Kd3 f6 32. Re3 Kd6 33. b3 e5 34. f3 Ke6 35. Re2 Kf5 36. Re3 Rc7 37. a4 b6 38. Re1 e4+ 39. fxe4+ dxe4+ 40. Kd2 Kg4 41. c4 f5 42. Ke3 g5 43. Rg1 Rg7 44. d5 a5 45. d6 Rd7 46. Rd1 Kxg3 47. hxg5 f4+ 48. Kxe4 f3 49. Ke5 Rg7 50. Kf6 Rg8 51. d7 f2 52. g6 Kg2 53. g7 Rd8 54. Ke7 Rg8 55. d8=Q Rxg7+ 56. Kf6 Rg3 57. Qd5+ Rf3+ 58. Kg5 h4 59. Kg4 f1=Q 60. Rxf1 1-0


[Site "https://www.chess.com"]

[Event "Titled Tuesday Blitz August 23 Late 2022"]
[White "Mladek, Richard"]
[Black "Poltorak, Sebastian"]
[WhiteFideId "386588"]
[BlackFideId "1199498"]
[WhiteElo "2263"]
[BlackElo "2102"]
[Result "0-1"]
[Round "09"]
[TimeControl "180+1"]
[Date "2022.08.23"]
[WhiteClock "0:00:19"]
[BlackClock "0:00:52"]

1. d4 Nf6 2. c4 g6 3. Nc3 d5 4. cxd5 Nxd5 5. e4 Nxc3 6. bxc3 Bg7 7. Bc4 O-O 8. Ne2 c5 9. O-O Nc6 10. Be3 e6 11. Qd2 Qc7 12. Rac1 b6 13. h4 Bb7 14. h5 Rfd8 15. h6 Bf6 16. Rfd1 Ne5 17. Bd3 Nxd3 18. Qxd3 Rac8 19. Bf4 Qc6 20. f3 Qa4 21. Qe3 Be7 22. e5 Ba6 23. Ng3 cxd4 24. cxd4 Rxc1 25. Qxc1 Rxd4 26. Ne4 Rxd1+ 0-1


[Site "https://www.chess.com"]

[Event "Titled Tuesday Blitz August 23 Late 2022"]
[White "Nakamura, Hikaru"]
[Black "Paravyan, David"]
[WhiteFideId "2016192"]
[BlackFideId "4194985"]
[WhiteElo "2850"]
[BlackElo "2569"]
[Result "1-0"]
[Round "09"]
[TimeControl "180+1"]
[Date "2022.08.23"]
[WhiteClock "0:00:42"]
[BlackClock "0:00:02"]

1. g3 e5 2. Bg2 d5 3. d3 Nf6 4. Bg5 Be7 5. Nc3 c6 6. e4 Be6 7. Nf3 Nbd7 8. O-O O-O 9. exd5 cxd5 10. Re1 h6 11. Bxf6 Bxf6 12. Nd2 Nb6 13. a4 a5 14. Nb5 Bd7 15. c4 Bc6 16. Qc2 Rc8 17. Rad1 Qe7 18. b3 Qb4 19. Qb1 Rfd8 20. Nf1 e4 21. Na7 Ra8 22. Nxc6 bxc6 23. dxe4 Bc3 24. Re2 dxc4 25. Rxd8+ Rxd8 26. e5 cxb3 27. e6 fxe6 28. Qg6 Nd5 29. Rxe6 Nf6 30. Bh3 Qf8 31. Rxc6 Qe8 32. Qxe8+ Rxe8 33. Rxc3 b2 34. Rb3 Re2 35. Bf5 Nd5 36. Bd3 1-0


[Site "https://www.chess.com"]

[Event "Titled Tuesday Blitz August 23 Late 2022"]
[White "Naroditsky, Daniel"]
[Black "Bacrot, Etienne"]
[WhiteFideId "2026961"]
[BlackFideId "605506"]
[WhiteElo "2628"]
[BlackElo "2673"]
[Result "1-0"]
[Round "09"]
[TimeControl "180+1"]
[Date "2022.08.23"]
[WhiteClock "0:00:26"]
[BlackClock "0:00:13"]

1. e4 c5 2. Nf3 d6 3. Bb5+ Nd7 4. O-O a6 5. Bd3 Ngf6 6. Re1 e6 7. Bf1 Be7 8. c3 b5 9. d4 Bb7 10. Bd3 O-O 11. Nbd2 cxd4 12. cxd4 Rc8 13. Nf1 e5 14. Ng3 Re8 15. a4 bxa4 16. Rxa4 exd4 17. Rxd4 Bf8 18. Nf5 Qb6 19. Bc4 d5 20. exd5 Rxe1+ 21. Qxe1 g6 22. Nh6+ Kg7 23. Be3 Bc5 24. Nxf7 Kxf7 25. Bh6 Bxd4 26. d6+ Nd5 27. Ng5+ Kg8 28. Qe6+ Kh8 29. Nf7+ Kg8 30. Nd8+ Kh8 31. Qe8+ 1-0


[Site "https://www.chess.com"]

[Event "Titled Tuesday Blitz August 23 Late 2022"]
[White "Nazaretyan, Tigran"]
[Black "Tristan, Leonardo"]
[WhiteFideId "24162345"]
[BlackFideId "113816"]
[WhiteElo "2183"]
[BlackElo "2404"]
[Result "1-0"]
[Round "09"]
[TimeControl "180+1"]
[Date "2022.08.23"]
[WhiteClock "0:00:21"]
[BlackClock "0:00:08"]

1. d4 d5 2. c4 e6 3. Nf3 Nf6 4. Nc3 a6 5. e3 b6 6. cxd5 exd5 7. Bd3 Bb7 8. O-O Bd6 9. Qc2 Nbd7 10. e4 dxe4 11. Nxe4 Be7 12. Bf4 Nd5 13. Bg3 Nb4 14. Qe2 Nxd3 15. Qxd3 O-O 16. Rac1 c5 17. Rfd1 Nf6 18. Nxf6+ Bxf6 19. dxc5 Qxd3 20. Rxd3 Bxb2 21. Rb1 Be4 22. Rxb2 Bxd3 23. cxb6 Rac8 24. h4 Rc1+ 25. Kh2 f5 26. b7 Bb5 27. b8=Q Rxb8 28. Bxb8 Rc4 29. Be5 Kf7 30. Nd4 Bd7 31. Rb7 Ke8 32. f4 Ra4 33. Rb2 g6 34. h5 Kf7 35. h6 Ra5 36. Kg3 g5 37. Rb7 Ke8 38. Rb8+ Kf7 39. Rh8 Kg6 40. Bg7 Ra3+ 41. Kh2 g4 42. Rf8 Rxa2 43. Rf6+ Kh5 44. Nxf5 Bc6 45. Ng3+ Kh4 46. Rxc6 a5 47. Rc5 Rxg2+ 48. Kxg2 1-0


[Site "https://www.chess.com"]

[Event "Titled Tuesday Blitz August 23 Late 2022"]
[White "Nozdrachev, Leonid"]
[Black "Tanenbaum, Zachary"]
[WhiteFideId "24113433"]
[BlackFideId "2060850"]
[WhiteElo "2100"]
[BlackElo "2175"]
[Result "0-1"]
[Round "09"]
[TimeControl "180+1"]
[Date "2022.08.23"]
[WhiteClock "0:00:17"]
[BlackClock "0:00:15"]

1. e4 e5 2. Nf3 Nc6 3. Bc4 Nf6 4. Nc3 Nxe4 5. O-O Nxc3 6. dxc3 Be7 7. Ng5 Bxg5 8. Qh5 d5 9. Bxg5 Qd6 10. Rad1 Be6 11. f4 Qc5+ 12. Kh1 Qxc4 13. f5 Bxf5 14. Rxf5 g6 15. Rxe5+ Nxe5 16. Qh6 Ng4 17. Qg7 Nf2+ 18. Kg1 Nxd1 19. h3 Qc5+ 20. Kh1 Kd7 21. Qxf7+ Kc8 22. Bf4 b6 23. b4 Qc6 24. b5 Qc5 25. a4 Rf8 26. Qe6+ Kb7 27. a5 Qxb5 28. Bg3 Qxa5 29. c4 Qc5 30. cxd5 Rf1+ 0-1


[Site "https://www.chess.com"]

[Event "Titled Tuesday Blitz August 23 Late 2022"]
[White "Papasimakopoulos, Alexandros"]
[Black "Levine, Joseph"]
[WhiteFideId "4244125"]
[BlackFideId "30940346"]
[WhiteElo "2357"]
[BlackElo "1810"]
[Result "1-0"]
[Round "09"]
[TimeControl "180+1"]
[Date "2022.08.23"]
[WhiteClock "0:01:19"]
[BlackClock "0:00:05"]

1. d4 d5 2. c4 e6 3. Nc3 Nf6 4. cxd5 exd5 5. Bg5 c6 6. e3 Bd6 7. Bd3 O-O 8. Qc2 h6 9. Bh4 Re8 10. Bg3 Bg4 11. Nge2 Bxe2 12. Nxe2 Ne4 13. Bxd6 Nxd6 14. O-O Nd7 15. Nc3 Rc8 16. Rad1 Qg5 17. Qd2 f5 18. b4 Nf6 19. a4 Nfe4 20. Qc2 h5 21. Ne2 h4 22. h3 Rf8 23. Qb3 Rce8 24. b5 Nxf2 25. Rxf2 Rxe3 26. bxc6 bxc6 27. Qb4 Ne4 28. Bxe4 dxe4 29. Nf4 Rg3 30. Ne6 Rxg2+ 31. Rxg2 Qe3+ 32. Kh2 Rf7 33. Rxg7+ Kh8 34. Qb8+ 1-0


[Site "https://www.chess.com"]

[Event "Titled Tuesday Blitz August 23 Late 2022"]
[White "Petrovic, Aleksa"]
[Black "Czopor, Maciej"]
[WhiteFideId "967629"]
[BlackFideId "21805431"]
[WhiteElo "2262"]
[BlackElo "1924"]
[Result "0-1"]
[Round "09"]
[TimeControl "180+1"]
[Date "2022.08.23"]
[WhiteClock "0:00:02"]
[BlackClock "0:00:41"]

1. d4 Nf6 2. c4 g6 3. Nc3 Bg7 4. e4 O-O 5. Nf3 d6 6. Be2 Nbd7 7. O-O e5 8. Qc2 exd4 9. Nxd4 Nc5 10. Be3 a5 11. f3 c6 12. Rfd1 Nfd7 13. Bf1 a4 14. b4 axb3 15. axb3 Rxa1 16. Rxa1 Qe7 17. b4 Ne6 18. Qd2 Ne5 19. Nb3 f5 20. exf5 gxf5 21. c5 d5 22. Nd4 f4 23. Bf2 Qf6 24. Nce2 Nc4 25. Qc1 Ne3 26. Nxe6 Bxe6 27. Ra7 Bc8 28. Bxe3 fxe3 29. Qxe3 Qb2 30. Qa3 Qd2 31. Qc1 Qxb4 32. Ra2 Bf5 33. Ng3 Bg6 34. Ne2 Re8 35. Kh1 Qb3 36. Ra1 Bxa1 37. Qxa1 Qb1 38. Qxb1 Bxb1 39. Kg1 Bd3 40. Nd4 Re1 0-1


[Site "https://www.chess.com"]

[Event "Titled Tuesday Blitz August 23 Late 2022"]
[White "Rustemov, Alexander"]
[Black "Al-Tarboush, Ward"]
[WhiteFideId "4119002"]
[BlackFideId "7601450"]
[WhiteElo "2748"]
[BlackElo "2234"]
[Result "1-0"]
[Round "09"]
[TimeControl "180+1"]
[Date "2022.08.23"]
[WhiteClock "0:01:42"]
[BlackClock "0:00:01"]

1. c4 c5 2. g3 Nc6 3. Bg2 g6 4. Nc3 Bg7 5. b3 e6 6. Bxc6 bxc6 7. Bb2 d5 8. d3 Ne7 9. Na4 Bxb2 10. Nxb2 O-O 11. Nf3 Qd6 12. Qd2 e5 13. Qe3 f6 14. Na4 d4 15. Qc1 f5 16. Qh6 Rf7 17. h4 Rg7 18. h5 e4 19. Ng5 exd3 20. exd3 f4 21. hxg6 Nxg6 22. O-O-O 1-0


[Site "https://www.chess.com"]

[Event "Titled Tuesday Blitz August 23 Late 2022"]
[White "Shirov, Alexei"]
[Black "Lenderman, Aleksandr"]
[WhiteFideId "2209390"]
[BlackFideId "2021285"]
[WhiteElo "2678"]
[BlackElo "2607"]
[Result "1-0"]
[Round "09"]
[TimeControl "180+1"]
[Date "2022.08.23"]
[WhiteClock "0:00:26"]
[BlackClock "0:00:03"]

1. e4 e6 2. d4 d5 3. e5 c5 4. c3 Ne7 5. Nf3 Nec6 6. h4 b6 7. h5 h6 8. Rh3 a5 9. Bb5 Ba6 10. a4 Bxb5 11. axb5 Na7 12. dxc5 Bxc5 13. Rg3 Kf8 14. b4 axb4 15. cxb4 Bxb4+ 16. Kf1 Nd7 17. Qa4 Ba5 18. Qg4 Nxb5 19. Qxg7+ Ke7 20. Bxh6 Qg8 21. Bg5+ Ke8 22. h6 Qxg7 23. hxg7 Rg8 24. Bf6 Nc5 25. Rh3 Ne4 26. Nbd2 Nxd2+ 27. Nxd2 Kd7 28. Nb3 Rac8 29. Rh8 Bc3 30. Ra4 d4 31. Ke2 Bb2 32. Rb4 Nc3+ 33. Kd3 Nd5 34. Rc4 Nxf6 35. Rxc8 1-0


[Site "https://www.chess.com"]

[Event "Titled Tuesday Blitz August 23 Late 2022"]
[White "Siniauski, Artsiom"]
[Black "Ghazarian, Kirk"]
[WhiteFideId "13512269"]
[BlackFideId "30908604"]
[WhiteElo "2139"]
[BlackElo "2074"]
[Result "0-1"]
[Round "09"]
[TimeControl "180+1"]
[Date "2022.08.23"]
[WhiteClock "0:00:00"]
[BlackClock "0:00:05"]

1. Nf3 c5 2. c4 Nf6 3. g3 e6 4. Bg2 d5 5. O-O Be7 6. cxd5 exd5 7. d4 O-O 8. Nc3 Nc6 9. Bg5 c4 10. Ne5 Be6 11. b3 cxb3 12. axb3 h6 13. Bf4 Qb6 14. Na4 Qb4 15. Nxc6 bxc6 16. Rc1 g5 17. Be5 Rac8 18. Nc5 Nd7 19. Nxd7 Bxd7 20. Qd3 Bg4 21. f4 Bh5 22. fxg5 hxg5 23. Bh3 Rce8 24. Rxc6 f6 25. Bc7 Kg7 26. Bd7 Bg6 27. Qc3 Qxc3 28. Rxc3 Bb4 29. Bxe8 Bxc3 30. Bxg6 Bxd4+ 31. Kg2 Kxg6 32. Rd1 Be3 33. Rxd5 Rc8 34. Ba5 Rc2 35. Kf3 Bg1 36. h3 Rb2 37. Rd3 Bc5 38. g4 Rb1 39. Kg2 Rb2 40. Kf3 Rb1 41. e3 Ra1 42. Bc3 Rb1 43. Bd4 Bd6 44. Bxa7 Be5 45. Bd4 Bc7 46. Bc5 Rh1 47. b4 Rxh3+ 48. Ke2 Rg3 49. Rd4 Rg2+ 50. Kf1 Rc2 0-1


[Site "https://www.chess.com"]

[Event "Titled Tuesday Blitz August 23 Late 2022"]
[White "Theodorou, Nikolas"]
[Black "Makarian, Rudik"]
[WhiteFideId "4262875"]
[BlackFideId "44105681"]
[WhiteElo "2484"]
[BlackElo "2403"]
[Result "1-0"]
[Round "09"]
[TimeControl "180+1"]
[Date "2022.08.23"]
[WhiteClock "0:00:51"]
[BlackClock "0:00:11"]

1. Nf3 Nf6 2. g3 b5 3. Bg2 Bb7 4. O-O e6 5. d3 Be7 6. e4 d5 7. exd5 Nxd5 8. c4 Nb4 9. cxb5 Qxd3 10. Nc3 O-O 11. Bf4 Nd7 12. a3 Qxd1 13. Rfxd1 Nd5 14. Bxc7 Rac8 15. Nxd5 Bxd5 16. Bf4 Bf6 17. Nd4 Nb6 18. Nc6 a6 19. a4 Bb3 20. bxa6 Bxb2 21. Ne7+ Kh8 22. Nxc8 Rxc8 23. Rdb1 Bxa1 24. Rxb3 Bd4 25. a7 e5 26. Be3 1-0


[Site "https://www.chess.com"]

[Event "Titled Tuesday Blitz August 23 Late 2022"]
[White "Vasquez Schroeder, Rodrigo"]
[Black "Salem, A.R. Saleh"]
[WhiteFideId "3400042"]
[BlackFideId "9301348"]
[WhiteElo "2567"]
[BlackElo "2674"]
[Result "0-1"]
[Round "09"]
[TimeControl "180+1"]
[Date "2022.08.23"]
[WhiteClock "0:00:03"]
[BlackClock "0:00:05"]

1. e4 c5 2. Nf3 d6 3. d4 cxd4 4. Nxd4 Nf6 5. Nc3 a6 6. Bg5 e6 7. f4 h6 8. Bh4 Qb6 9. Bxf6 gxf6 10. Qd2 Nc6 11. Nb3 h5 12. Be2 Qc7 13. O-O-O Bd7 14. Kb1 O-O-O 15. Rhf1 Kb8 16. Rf3 Bc8 17. Rh3 h4 18. Qe1 Bg7 19. Rxh4 Rxh4 20. Qxh4 f5 21. exf5 Bxc3 22. bxc3 exf5 23. Kb2 Be6 24. Qf6 Rc8 25. Bf3 Na5 26. Be2 Nc6 27. g3 a5 28. a4 Ne5 29. c4 Nxc4+ 30. Bxc4 Qxc4 31. Rd2 Qxa4 32. Qd4 Qb5 33. Qxd6+ Ka8 34. Qe5 Qxe5+ 35. fxe5 b6 36. Nd4 Rc5 37. Nxe6 Rb5+ 38. Kc3 fxe6 39. Rd6 a4 40. Rd4 Ra5 41. Kb2 Kb7 42. h4 Rb5+ 43. Ka2 Rc5 44. Rd2 Rxe5 45. h5 Rc5 46. Re2 Kc7 47. Ka3 Kd6 48. Kxa4 Rc8 49. Kb5 Rh8 50. Rh2 e5 51. Kxb6 Rh6 52. c4 e4 53. c5+ Kd5+ 54. Kb5 e3 55. Re2 Kd4 56. c6 Rxh5 57. c7 Rh8 58. Kc6 Kd3 59. Re1 Kd2 60. Rg1 e2 61. Kd7 e1=Q 62. Rxe1 Kxe1 63. Ke6 Kf2 64. Kxf5 Rc8 65. g4 Rxc7 66. g5 Kg3 67. g6 Kh4 68. Kf6 Rc6+ 69. Kf7 Kg5 70. g7 Rc7+ 71. Kf8 Kf6 0-1


[Site "https://www.chess.com"]

[Event "Titled Tuesday Blitz August 23 Late 2022"]
[White "Vovk, Orest"]
[Black "Preotu, Razvan"]
[WhiteFideId "14113490"]
[BlackFideId "2613280"]
[WhiteElo "2203"]
[BlackElo "2407"]
[Result "0-1"]
[Round "09"]
[TimeControl "180+1"]
[Date "2022.08.23"]
[WhiteClock "0:00:08"]
[BlackClock "0:01:23"]

1. h4 e5 2. h5 d5 3. h6 Nxh6 4. d4 e4 5. Bxh6 gxh6 6. e3 Nd7 7. Ne2 Nf6 8. Nf4 Bd6 9. Nh5 Ng4 10. c4 c6 11. Nc3 Qg5 12. Qb3 Be6 13. c5 Be7 14. Qxb7 Rc8 15. Nf4 O-O 16. Rh5 Qf6 17. Be2 Kh8 18. Bxg4 Bxg4 19. Re5 Bxc5 20. Nh5 Qh4 21. Kd2 Qxf2+ 22. Kc1 Rb8 23. Qxc6 Qxb2# 0-1


[Site "https://www.chess.com"]

[Event "Titled Tuesday Blitz August 23 Late 2022"]
[White "Wirig, Anthony"]
[Black "Matinian, Nikita"]
[WhiteFideId "615013"]
[BlackFideId "24129100"]
[WhiteElo "2474"]
[BlackElo "2422"]
[Result "0-1"]
[Round "09"]
[TimeControl "180+1"]
[Date "2022.08.23"]
[WhiteClock "0:00:13"]
[BlackClock "0:00:10"]

1. d4 Nf6 2. Bg5 g6 3. Bxf6 exf6 4. h4 h5 5. e3 d5 6. c4 c6 7. cxd5 cxd5 8. Nc3 Bb4 9. Qb3 Nc6 10. Ne2 O-O 11. a3 Ba5 12. Nf4 Re8 13. Be2 Bg4 14. Bxg4 hxg4 15. Rd1 g3 16. O-O gxf2+ 17. Rxf2 Rxe3 18. Nfxd5 Re6 19. Nf4 Rd6 20. d5 Ne5 21. Ne4 Bb6 22. Nxd6 Qxd6 23. Qg3 f5 24. Nd3 Re8 25. Kh1 Bxf2 26. Nxf2 Nc4 27. Qxd6 Nxd6 28. Rd2 Kg7 29. g3 Re3 30. Kg2 Kf6 31. Rc2 Ke5 32. Rd2 Rb3 33. Nd3+ Kf6 34. Nf2 Nc4 35. Rd4 Nd6 36. Rd2 b5 37. g4 f4 38. g5+ Kf5 39. Kg1 Rg3+ 40. Kf1 Re3 41. Rd4 Ke5 42. Rd2 Rf3 43. Kg2 Rg3+ 44. Kf1 Rb3 45. Nd3+ Kf5 46. Nf2 f3 47. Ke1 Kf4 48. Kd1 Re3 49. Nd3+ Kg3 50. Nf2 Re5 51. Nh1+ Kf4 52. Nf2 Nc4 53. Nd3+ Kf5 54. Nxe5 Nxd2 55. d6 f2 56. d7 f1=Q+ 57. Kxd2 Qf4+ 58. Kd3 Qe4+ 59. Kd2 Qd5+ 60. Kc3 Qxe5+ 61. Kb3 Qd5+ 62. Kb4 Qxd7 63. b3 Kg4 64. Ka5 Kxh4 65. a4 Kxg5 66. b4 Kf6 67. axb5 g5 68. b6 axb6+ 69. Ka6 g4 70. b5 g3 71. Kxb6 g2 72. Ka6 Qxb5+ 73. Kxb5 g1=Q 74. Kc6 Qd4 0-1


[Site "https://www.chess.com"]

[Event "Titled Tuesday Blitz August 23 Late 2022"]
[White "Yurovskykh, Oleksandr"]
[Black "Moroni, Luca Jr"]
[WhiteFideId "14134020"]
[BlackFideId "865834"]
[WhiteElo "2292"]
[BlackElo "2573"]
[Result "0-1"]
[Round "09"]
[TimeControl "180+1"]
[Date "2022.08.23"]
[WhiteClock "0:00:05"]
[BlackClock "0:00:05"]

1. d4 g6 2. e4 Bg7 3. c3 d6 4. Bg5 h6 5. Bh4 Nf6 6. Nd2 O-O 7. Ngf3 Nc6 8. Be2 e5 9. dxe5 dxe5 10. O-O Qe8 11. Qc2 Nh5 12. Rfe1 Bg4 13. h3 Be6 14. Bc4 Bf6 15. Bxf6 Nxf6 16. Bxe6 Qxe6 17. Qb3 Qxb3 18. Nxb3 b6 19. Nfd2 Rfd8 20. f3 a5 21. a4 Kf8 22. Nc4 Ke7 23. Rad1 Ke6 24. Nc1 Rab8 25. Ne2 Rxd1 26. Rxd1 b5 27. axb5 Rxb5 28. Ra1 Nd7 29. Nc1 Nc5 30. Kf2 a4 31. Ke3 Nd8 32. Nd3 Nxd3 33. Kxd3 Nb7 34. Kc2 Nc5 35. Rd1 f5 36. Rd5 fxe4 37. Rxe5+ Kf6 38. fxe4 c6 39. Re8 Nd7 40. Ra8 Rg5 41. g4 h5 42. Ne3 Nc5 43. Rc8 Ke7 44. Rxc6 Kd7 45. Rb6 Nxe4 46. h4 Re5 47. Rxg6 Nf2 48. Nc4 Re2+ 49. Kb1 hxg4 50. h5 Re1+ 51. Kc2 Rh1 52. h6 Rh2 53. Ne5+ Ke7 54. Kb1 Rh4 55. h7 Rxh7 56. Nxg4 Nd3 57. Ne3 Rh2 58. Nc4 Rh1+ 59. Ka2 Rh2 60. Ka3 Kd7 61. Rb6 Kc7 62. Kxa4 Rh1 63. Rb5 Rh4 64. Kb3 Kc6 65. Rb6+ Kc7 66. Ra6 Nc5+ 67. Kb4 Nxa6+ 68. Kb5 Nb8 69. b4 Nc6 70. Na5 Rh5+ 71. Ka4 Nxa5 72. bxa5 Kb7 73. Kb4 Ka6 74. c4 Rxa5 75. c5 Ra1 76. Kc4 Rc1+ 77. Kd5 Kb7 0-1


[Site "https://www.chess.com"]

[Event "Titled Tuesday Blitz August 23 Late 2022"]
[White "Aghasiyev, Kamal"]
[Black "Yurovskykh, Oleksandr"]
[WhiteFideId "13402854"]
[BlackFideId "14134020"]
[WhiteElo "2210"]
[BlackElo "2292"]
[Result "1/2-1/2"]
[Round "10"]
[TimeControl "180+1"]
[Date "2022.08.23"]
[WhiteClock "0:01:20"]
[BlackClock "0:00:55"]

1. d4 d5 2. c4 dxc4 3. Nf3 Nf6 4. e3 e6 5. Bxc4 c5 6. O-O Nc6 7. Qe2 cxd4 8. Rd1 Be7 9. exd4 O-O 10. Nc3 Na5 11. Bd3 b6 12. Bg5 Bb7 13. Ne5 Rc8 14. Rac1 Nd5 15. Nxd5 Qxd5 16. Be4 Qxe4 17. Qxe4 Bxe4 18. Bxe7 Rfe8 19. f3 Bd5 20. Bb4 Nc6 21. Nxc6 Rxc6 22. Rxc6 Bxc6 23. Rc1 Rc8 24. Kf2 Bb7 25. Rxc8+ Bxc8 26. Ke3 Bb7 27. Bd6 Bd5 28. a3 f6 29. Bb8 a6 30. Bc7 b5 31. g3 Kf7 32. f4 Kg6 33. Bd6 Kh5 34. Bf8 g6 35. Be7 f5 36. h4 Kg4 37. Kf2 Kh5 38. Bg5 a5 39. Bd8 a4 40. Be7 Kh6 41. Ke3 Kg7 42. Kd3 Kf7 43. Bd8 Ke8 44. Bf6 Kd7 45. Kc3 Kc6 46. Be7 Bc4 47. Kd2 Kd5 48. Ke3 Bf1 49. Bf6 Kc4 50. Bg7 Bg2 51. Kd2 Bd5 52. Be5 Kb3 53. Kc1 Be4 54. Bf6 Bf3 55. Be5 Kc4 56. Kd2 Bd5 57. Bf6 b4 58. axb4 Kxb4 59. Be5 Kc4 60. Bf6 Kb3 61. Kc1 Kb4 62. Kd2 Kc4 63. Be5 Bc6 64. Bf6 Kd5 65. Ke3 Be8 66. Bh8 Bb5 67. Bg7 Bf1 68. Bh8 Bg2 69. Bg7 Bh1 70. Bh8 Kc4 71. Kd2 Bd5 72. Bg7 Kb4 73. Bh8 Kb3 74. Kc1 Be4 75. Bg7 Kc4 76. Kd2 Bc6 77. Bh8 Bd5 78. Bg7 Bc6 79. Bh8 Kd5 80. Ke3 Bb5 81. Bg7 Bc4 82. Bh8 Bb3 83. Bg7 Kd6 84. Bh8 Ke7 85. Bg7 Kf7 86. Be5 Ke8 87. Bh8 Kf8 88. Be5 Kg8 89. Bf6 Kf8 90. Be5 Kf7 91. Bh8 Ke8 92. Be5 Kd7 93. Bh8 Kc6 94. Be5 Kd5 95. Bh8 Kc4 96. Kd2 Ba2 97. Bg7 Bb1 98. Bh8 Be4 99. Bg7 Bd5 100. Bh8 Kb3 101. Kc1 a3 102. bxa3 Kxa3 103. Kd2 Kb3 104. Ke3 Kc2 105. Be5 Kd1 106. Kf2 Kd2 107. Bf6 Kd3 108. Bg7 Ke4 109. Bf6 Bc4 110. Bg7 Kd5 111. Bf6 Bd3 112. Be5 Be4 113. Bf6 Bd3 114. Be5 Bb5 115. Bf6 Ke4 116. Be5 Bc4 117. Bf6 Bd5 118. Be5 Kd3 119. Bf6 Kc4 120. Be5 Kb5 121. Bf6 Kc6 122. Be5 Kd7 123. Bf6 Ke8 124. Be5 Kf8 125. Bf6 Kg8 126. Be5 Kf7 127. Bh8 Be4 128. Be5 Bd5 129. Bh8 Bc6 130. Be5 Bb7 131. Bh8 Ba8 132. Be5 Be4 133. Ke3 Bh1 134. Kf2 Bd5 1/2-1/2


[Site "https://www.chess.com"]

[Event "Titled Tuesday Blitz August 23 Late 2022"]
[White "Andreikin, Dmitry"]
[Black "Carlsen, Magnus"]
[WhiteFideId "4158814"]
[BlackFideId "1503014"]
[WhiteElo "2736"]
[BlackElo "2830"]
[Result "1-0"]
[Round "10"]
[TimeControl "180+1"]
[Date "2022.08.23"]
[WhiteClock "0:00:07"]
[BlackClock "0:00:09"]

1. Nf3 d5 2. d4 a6 3. Bg5 Nf6 4. e3 h6 5. Bh4 Bf5 6. c4 e6 7. Nc3 c6 8. Qb3 Ra7 9. Bxf6 gxf6 10. Be2 Nd7 11. O-O Qb6 12. Rfc1 Qxb3 13. axb3 Ra8 14. cxd5 exd5 15. Nh4 Bh7 16. Bg4 Rg8 17. Bf5 Bxf5 18. Nxf5 Rg5 19. Nh4 Nb6 20. h3 Nc8 21. f4 Rg8 22. Nf5 Kd7 23. Kf2 Ke6 24. g4 h5 25. Kf3 Nd6 26. Nxd6 Bxd6 27. gxh5 Rh8 28. Rh1 Rxh5 29. Rh2 Rah8 30. Rah1 f5 31. Ne2 Be7 32. Nc1 a5 33. Nd3 b6 34. Kg3 Bh4+ 35. Kf3 Be7 36. Kg3 c5 37. dxc5 bxc5 38. Rc2 Rg8+ 39. Kf3 Rgh8 40. Kg3 Rb8 41. Rc3 Rhh8 42. Rhc1 a4 43. Nxc5+ Bxc5 44. Rxc5 Rxb3 45. R1c3 Rxb2 46. Ra5 Rg8+ 47. Kh4 Rbg2 48. Rc6+ Kd7 49. Rh6 R8g6 50. Rh7 Kc6 51. Rxa4 Kb5 52. Rd4 Kc5 53. Ra4 Re6 54. Ra3 Kb4 55. Rd3 Kc4 56. Rd4+ Kc5 57. Rd3 Re4 58. Rxf7 Re8 59. Rxf5 Rh8+ 60. Rh5 Rxh5+ 61. Kxh5 Rg3 62. h4 Kc4 63. Rd4+ Kc5 64. f5 Rxe3 65. Rf4 d4 66. f6 Re8 67. f7 Rf8 68. Kg6 d3 69. Kg7 1-0


[Site "https://www.chess.com"]

[Event "Titled Tuesday Blitz August 23 Late 2022"]
[White "Bacrot, Etienne"]
[Black "Cruz, Cristhian"]
[WhiteFideId "605506"]
[BlackFideId "3801969"]
[WhiteElo "2673"]
[BlackElo "2497"]
[Result "1-0"]
[Round "10"]
[TimeControl "180+1"]
[Date "2022.08.23"]
[WhiteClock "0:00:07"]
[BlackClock "0:00:02"]

1. e4 c6 2. Nf3 d5 3. Nc3 dxe4 4. Nxe4 Nf6 5. Qe2 Nxe4 6. Qxe4 Qd5 7. Qf4 Qf5 8. Qxf5 Bxf5 9. d3 Nd7 10. Bd2 e6 11. Nh4 Bg6 12. Nxg6 hxg6 13. g3 O-O-O 14. Bg2 Nf6 15. Ke2 Be7 16. b4 Nd5 17. Rab1 a6 18. a4 Nc7 19. c4 Bf6 20. b5 axb5 21. cxb5 cxb5 22. h4 Kb8 23. Rhc1 Rd7 24. Bf4 e5 25. Be3 Re8 26. Bh3 Rd6 27. Bc5 Ra6 28. axb5 Ra2+ 29. Kf1 Ne6 30. Bd6+ Ka7 31. b6+ Ka6 32. Bc7 Re7 33. Bg2 e4 34. Bxe4 Bd4 35. Kg2 Rxf2+ 36. Kh3 Re8 37. Bd5 Rd2 38. Bc4+ Ka5 39. Bd6 Bc5 40. Rb5+ Ka4 41. Rxc5 Nxc5 42. Bxc5 1-0


[Site "https://www.chess.com"]